Cogmind - Beta 12 @@@ ROGUE MODE // 2023.05.31 @ 21:40:49 Player: Michael Result: Destroyed by Y-45 Defender with Beam Rifle Performance ------------- Evolutions (1) 500 Regions Visited (3) 600 Robots Destroyed (69) 345 Value Destroyed (1469) 1469 Prototype IDs (4) 80 Alien Tech Used (0) 0 Bonus (70) 70 TOTAL SCORE: 3064 Bonus ------- High Alert Combat Kills 70 Cogmind --------- Core Integrity 0/400 Matter 215/300 Energy 265/265 System Corruption 0% Temperature Cool (27) Movement Treading (240) Ox1 Location -9/Materials Parts ------- > --- POWER (1) -------- Improved Ion Engine > --- PROPULSION (2) --- Improved Treads Wheel > --- UTILITY (4) ------ Large Storage Unit Signal Interpreter Transport Network Coupler > --- WEAPON (2) ------- Assault Rifle Improved Assault Rifle > --- INVENTORY (15) --- Cooled Ion Engine Improved Treads Wheel High-capacity Matter Pod (200) High-capacity Matter Pod (200) Structural Scanner Heavy Assault Rifle Improved Assault Rifle Improved Assault Rifle Peak State ------------ > --- POWER ------------ Improved Ion Engine > --- PROPULSION ------- Improved Treads Wheel > --- UTILITY ---------- Cooling System Large Storage Unit Signal Interpreter High-powered Tractor Beam > --- WEAPON ----------- Heavy Assault Rifle Heavy Assault Rifle > --- INVENTORY -------- Cooled Ion Engine Improved Treads Improved Treads Wheel High-capacity Matter Pod High-capacity Matter Pod Structural Scanner Transport Network Coupler Assault Rifle Assault Rifle Assault Rifle Assault Rifle Assault Rifle Heavy Assault Rifle Heavy Assault Rifle [Rating: 17] Favorites ----------- Power Ion Engine Engine Ion Engine Propulsion Wheel Treads Light Treads Leg Aluminum Leg Wheel Wheel Utility Large Storage Unit Device Structural Scanner Storage Large Storage Unit Processor Signal Interpreter Protection Weapon Shielding Weapon Assault Rifle Energy Gun EM Pulse Gun Ballistic Gun Assault Rifle Ballistic Cannon Improved Light Cannon Build | -11 -10 -10 -9 ------- Run | Jun Mat Min Mat Slots Evolved 2 | . . . 2 Power . | . . . . Propulsion . | . . . . Utility 2 | . . . 2 Weapon . | . . . . Parts Attached 54 | 5 15 . 34 Power 6 | 1 1 . 4 Engine 6 | 1 1 . 4 Core . | . . . . Reactor . | . . . . Propulsion 15 | 2 4 . 9 Treads 7 | . 3 . 4 Leg 2 | 2 . . . Wheel 6 | . 1 . 5 Hover . | . . . . Flight . | . . . . Utility 16 | 1 5 . 10 Device 5 | . 1 . 4 Storage 3 | 1 2 . . Processor 3 | . 1 . 2 Hackware . | . . . . Protection 5 | . 1 . 4 Artifact . | . . . . Weapon 17 | 1 5 . 11 Energy Gun 1 | . 1 . . Energy Cannon . | . . . . Ballistic Gun 12 | 1 2 . 9 Ballistic Cannon 4 | . 2 . 2 Launcher . | . . . . Special Weapon . | . . . . Impact Weapon . | . . . . Slashing Weapon . | . . . . Piercing Weapon . | . . . . Special Melee Weapon . | . . . . Unidentified Prototypes 2 | . . . 2 Parts Lost 13 | . . . 13 Power . | . . . . Propulsion 3 | . . . 3 Utility 7 | . . . 7 Weapon 3 | . . . 3 Highest Loss Streak 3 | . . . 3 To Critical Strikes . | . . . . Average Slot Usage (%) 95 | . 95 100 94 Engine 12 | . 13 14 11 Treads 11 | . 12 14 10 Leg 1 | . 3 . . Wheel 11 | . 11 14 10 Device 5 | . 1 . 8 Storage 12 | . 14 14 11 Processor 9 | . 6 14 10 Protection 6 | . 4 . 8 Ballistic Gun 20 | . 20 28 18 Ballistic Cannon 3 | . 4 . 3 Naked Turns . | . . . . Heaviest Build 45 | 12 29 29 45 Greatest Support 40 | 20 40 10 10 Greatest Overweight (x) 4 | . 2 2 4 Average Overweight (x) 2 | . 1 2 3 Largest Inventory Capacity 15 | 8 15 15 15 Average Capacity 13 | 6 11 15 15 Most Carried 15 | 3 13 15 15 Average Carried 11 | 1 9 14 13 Final Capacity 15 | 8 15 15 15 Final Carried 15 | 3 13 15 9 Class Distribution -------------------- 100% | Mutant Dominant Class ---------------- Mutant | -10/Materials Mutant | -10/Mines Mutant | -9/Materials Resources | -11 -10 -10 -9 ----------- Run | Jun Mat Min Mat Matter Collected 1891 | 155 498 170 1068 Remotely 280 | . . . 280 Salvage Created 2144 | . 528 . 1616 Parts 147 | . 35 . 112 Haulers Intercepted 7 | . 1 . 6 Recyclers Shooed 2 | . 1 . 1 Parts Field Recycled . | . . . . Retrieved Matter . | . . . . Parts Self-Destructed . | . . . . Prevented . | . . . . Kills | -11 -10 -10 -9 ------- Run | Jun Mat Min Mat Combat Hostiles Destroyed 48 | . 12 . 36 Guns 32 | . 8 . 24 Cannons 16 | . 4 . 12 Classes Destroyed 10 | . 7 . 3 Worker 4 | . . . 4 Builder 3 | . 2 . 1 Tunneler 1 | . 1 . . Hauler 7 | . 1 . 6 Recycler 1 | . 1 . . Mechanic 1 | . . . 1 Watcher 4 | . 1 . 3 Swarmer 17 | . 6 . 11 Grunt 25 | . 6 . 19 Sentry 6 | . . . 6 Best Kill Streak 7 | . 4 . 7 Combat Bots Only 6 | . 4 . 6 Max Kills in Single Turn 1 | . 1 . 1 Gunslinging . | . . . . Exploded . | . . . . Melee . | . . . . Uniques/NPCs Destroyed . | . . . . Combat | -11 -10 -10 -9 -------- Run | Jun Mat Min Mat Damage Taken 2947 | . 372 . 2575 Core 546 | . 140 . 406 Absorbed by Shields . | . . . . Redirected to Shielding 119 | . 18 . 101 Regen/Repaired (Parts) 94 | . 94 . . Core Remaining (%) 72 | 100 . 44 . Volleys Fired 179 | 1 41 1 136 Largest 2 | 1 2 2 2 Hottest 78 | 20 78 40 78 Shots Fired 348 | 1 76 2 269 Gun 277 | 1 60 2 214 Cannon 71 | . 16 . 55 Launcher . | . . . . Special . | . . . . Kinetic 340 | 1 68 2 269 Thermal . | . . . . Explosive . | . . . . Electromagnetic 8 | . 8 . . Robot Hit Streak 24 | 1 7 3 24 Robot Miss Streak 4 | . 3 . 4 Penetration Max . | . . . . Secondary Targets 4 | . . . 4 Max Gunslinging Chain 1 | . . . 1 Shots Hit Robots 222 | 1 43 2 176 Core Hits 91 | . 22 . 69 Critical Kills . | . . . . Critical Parts Destroyed . | . . . . Critical Strikes 3 | . 1 . 2 Blast 3 | . 1 . 2 Melee Attacks . | . . . . Impact . | . . . . Slashing . | . . . . Piercing . | . . . . Sneak Attacks . | . . . . Combat Hostiles . | . . . . Follow-up Attacks . | . . . . Damage Inflicted 3487 | 12 638 27 2810 Guns 2540 | 12 470 27 2031 Cannons 947 | . 168 . 779 Explosions . | . . . . Melee . | . . . . Ramming . | . . . . Kinetic 3450 | 12 601 27 2810 Thermal . | . . . . Explosive . | . . . . Electromagnetic 37 | . 37 . . Impact . | . . . . Slashing . | . . . . Piercing . | . . . . Highest Corruption . | . . . . Average Corruption . | . . . . Corruption Purged . | . . . . Corruption Blocked . | . . . . Overload Shots . | . . . . Overflow Damage 2 | . . . 2 Projectiles 2 | . . . 2 Explosions . | . . . . Melee . | . . . . Knockbacks 9 | . 2 . 7 Impact . | . . . . Kinetic 8 | . 2 . 6 Secondary 1 | . . . 1 Self-Inflicted Damage . | . . . . Shots . | . . . . Rammed . | . . . . Targets Rammed . | . . . . Kicked . | . . . . Crushed . | . . . . Highest Temperature 162 | . 162 . 143 Average Temperature 48 | . 51 . 47 Received Heat Transfer 903 | . 108 . 795 Siege Activations . | . . . . Robots Corrupted . | . . . . Combat Hostiles . | . . . . Parts Fried 1 | . 1 . . Impact Corruptions . | . . . . Robots Melted . | . . . . Combat Hostiles . | . . . . Parts Melted . | . . . . Heat Transferred . | . . . . Parts Sabotaged . | . . . . Parts Stolen . | . . . . Parts Stripped . | . . . . Power Chain Reactions . | . . . . Missiles Intercepted . | . . . . Alert | -11 -10 -10 -9 ------- Run | Jun Mat Min Mat Peak Influence 605 | . 274 48 605 Initial 48 | . . 48 18 Average 250 | . 155 48 352 Maximum Alert Level 2 | . 1 . 2 Low Security (%) 41 | 100 58 100 19 Level 1 40 | . 41 . 47 Level 2 18 | . . . 33 Level 3 . | . . . . Level 4 . | . . . . Level 5 . | . . . . High Security . | . . . . Max Security . | . . . . Squads Dispatched 8 | . 2 . 6 Investigation 3 | . . . 3 Extermination . | . . . . Reinforcement 5 | . 2 . 3 Assault . | . . . . Garrison . | . . . . Intercept . | . . . . Searches Triggered . | . . . . Construction Impeded . | . . . . Haulers Reinforced . | . . . . Active Scanning Responses . | . . . . Cargo Convoy Interrupts . | . . . . Stealth | -11 -10 -10 -9 --------- Run | Jun Mat Min Mat Distress Signals 4 | . 1 . 3 Communications Jammed . | . . . . Distress Signals . | . . . . Times Spotted 77 | . 24 . 53 Peak Tracking Total 7 | . 6 . 7 Tactical Retreats . | . . . . Traps | -11 -10 -10 -9 ------- Run | Jun Mat Min Mat Traps Triggered 4 | . 1 . 3 Indirectly . | . . . . Trap Hack Attempts . | . . . . Triggered . | . . . . Disarmed . | . . . . Reprogrammed . | . . . . Reused . | . . . . Traps Extracted . | . . . . Installed . | . . . . Triggered . | . . . . Machines | -11 -10 -10 -9 ---------- Run | Jun Mat Min Mat Machines Disabled 3 | . 1 . 2 Max in Single Turn 1 | . 1 . 1 Machines Repaired . | . . . . Machines Sabotaged . | . . . . Overloaded Fab Kills . | . . . . Hacking | -11 -10 -10 -9 --------- Run | Jun Mat Min Mat Machines Accessed 16 | . 8 1 7 Terminals 9 | . 5 . 4 Fabricators . | . . . . Repair Stations 1 | . 1 . . Recycling Units 3 | . 2 . 1 Scanalyzers 2 | . . . 2 Garrison Access . | . . . . Total Hacks 40 | . 19 1 20 Successful 20 | . 12 1 7 Failed 20 | . 7 . 13 Catastrophic 3 | . 2 . 1 Database Lockouts . | . . . . Manual 1 | . 1 . . Terminals 20 | . 10 . 10 Fabricators . | . . . . Repair Stations 5 | . 5 . . Recycling Units 8 | . 4 . 4 Scanalyzers 6 | . . . 6 Garrison Access . | . . . . Terminal Hacks 8 | . 6 1 1 Prototype ID Bank 1 | . . . 1 Open Door 1 | . . 1 . Branch Access Points 1 | . 1 . . Locate Traps 2 | . 2 . . Patrol Status 1 | . 1 . . Hauler Manifests 1 | . 1 . . Zone Layout 1 | . 1 . . Fabricator Hacks . | . . . . Repair Station Hacks 4 | . 4 . . Scan Component 2 | . 2 . . Repair 2 | . 2 . . Recycling Unit Hacks 3 | . 2 . 1 Retrieve Components 3 | . 2 . 1 Scanalyzer 5 | . . . 5 Insert Component 3 | . . . 3 Analyze 2 | . . . 2 Garrison Access Hacks . | . . . . Unauthorized Hacks . | . . . . Terminals . | . . . . Fabricators . | . . . . Repair Stations . | . . . . Recycling Units . | . . . . Scanalyzers . | . . . . Garrison Access . | . . . . Data Cores Recovered . | . . . . Used . | . . . . Hacking Detections 11 | . 4 . 7 Full Trace Events 1 | . . . 1 Feedback Events . | . . . . Feedback Blocked . | . . . . Robot Schematics Acquired . | . . . . Robots Built . | . . . . Authchips . | . . . . Time . | . . . . Total Robot Build Rating . | . . . . Part Schematics Acquired 2 | . . . 2 Parts Built . | . . . . Authchips . | . . . . Time . | . . . . Total Part Build Rating . | . . . . Parts Repaired 2 | . 2 . . Time 52 | . 52 . . Parts Recycled . | . . . . Recycled Matter . | . . . . Retrieved Matter . | . . . . Retrieved Components 3 | . . . 3 Parts Scanalyzed 2 | . . . 2 Part Schematics Acquired 2 | . . . 2 Parts Damaged . | . . . . Bothacking | -11 -10 -10 -9 ------------ Run | Jun Mat Min Mat Used RIF Installer . | . . . . Robots Hacked . | . . . . Non-combat . | . . . . Combat . | . . . . Robot Hacks Applied . | . . . . Relay Couplers Released . | . . . . Fabnet Peak Effective % . | . . . . Robots Rewired . | . . . . Allies Hacked . | . . . . Hacks Repelled . | . . . . Allies | -11 -10 -10 -9 -------- Run | Jun Mat Min Mat Total Allies . | . . . . Largest Group . | . . . . Highest-Rated Group . | . . . . Highest-Rated Ally . | . . . . Total Orders . | . . . . Ally Attacks . | . . . . Total Damage . | . . . . Kills . | . . . . Allies Corrupted . | . . . . Allies Melted . | . . . . Intel | -11 -10 -10 -9 ------- Run | Jun Mat Min Mat Robot Analysis Total . | . . . . Derelict Logs Recovered 1 | . . 1 . Drone Launches . | . . . . Drone Recoveries . | . . . . Exploration | -11 -10 -10 -9 ------------- Run | Jun Mat Min Mat Turns Passed 2630 | 58 941 210 1421 Spaces Moved 1578 | 41 681 187 669 Core 4 | 4 . . . Treads 7 | . 7 . . Legs 123 | 37 86 . . Wheels 1444 | . 588 187 669 Hover . | . . . . Flight . | . . . . Fastest Speed 50 | 50 95 110 125 Average Speed 115 | 113 106 110 125 Slowest Speed 160 | 120 160 110 140 Overloaded Moves . | . . . . Propulsion Burnouts . | . . . . Robots Hopped . | . . . . Cave-ins Triggered . | . . . . Exploration Rate (%) 52 | 4 96 39 72 Regions Visited 3 Branch Regions 1 Pre-discovered Areas 1 | . . 1 . Known Exits Taken 1 | . 1 . . Unknown Exits Taken 2 | 1 . 1 . Scrap Searched . | . . . . Spaces Dug . | . . . . Terrain Destroyed 5 | . 4 . 1 Melee . | . . . . Projectile 5 | . 4 . 1 AOE . | . . . . Terrain Rammed . | . . . . Walls Destroyed . | . . . . Machines Disabled . | . . . . Actions | -11 -10 -10 -9 --------- Run | Jun Mat Min Mat Total 2046 | 49 824 189 984 Wait 172 | . 56 . 116 Move 1575 | 40 680 186 669 Hop . | . . . . Pick Up 33 | 3 16 2 12 Fast Attach 19 | 5 9 . 5 Attach 15 | . . . 15 Detach 5 | . 3 . 2 Swap 20 | . 6 . 14 Drop 28 | . 13 . 15 Fire 179 | 1 41 1 136 Melee . | . . . . Ram . | . . . . Kick . | . . . . Crush . | . . . . Escape Stasis . | . . . . Rewire . | . . . . Trap . | . . . . Miscellaneous . | . . . . Route ------- -11/Junkyard -10/Materials (discovered 4 exits: *Mat x3 / *Min) -10/Mines -9/Materials (discovered 3 exits: [*Mat x2] / *Min) History --------- Turn | Location | Event 6 | -11/Junkyard | Discovered new exit (range 16) 59 | -11/Junkyard | Entered Materials 81 | -10/Materials | Identified exit to Mines 328 | -10/Materials | Discovered new exit (range 3) 331 | -10/Materials | Build established: Mutant 517 | -10/Materials | Core integrity fell below 50% 621 | -10/Materials | Discovered new exit (range 12) 809 | -10/Materials | Repaired Ion Engine 836 | -10/Materials | Repaired Lgt. Treads 844 | -10/Materials | Discovered new exit (range 15) 1000 | -10/Materials | Entered Mines 1080 | -10/Mines | Met a Derelict bent on vengeance 1140 | -10/Mines | Learned 4 Materials zone layouts 1143 | -10/Mines | Found the Drone Emporium 1164 | -10/Mines | Discovered new exit (range 5) 1185 | -10/Mines | Learned location of Storage (-8) 1210 | -10/Mines | Entered Materials 1210 | -9/Materials | Evolved 2 slots: Utility x2 1434 | -9/Materials | Discovered new exit (range 15) 1797 | -9/Materials | Discovered new exit (range 12) 2029 | -9/Materials | Core integrity fell below 50% 2218 | -9/Materials | Discovered new exit (range 15) 2494 | -9/Materials | Identified exit to Mines 2622 | -9/Materials | Core integrity fell below 20% 2631 | -9/Materials | Destroyed by Y-45 Defender with Beam Rifle Last Messages --------------- 02559_ Switching to secondary target: S-10 Pest. 02560_ Acquired 11 matter. 02562_ S-10 Pest destroyed. 02563_ Acquired 13 matter. 02565_ S-10 Pest destroyed. 02566_ Acquired 6 matter. 02567_ Hpw. Tractor Beam destroyed. 02568_ K-01 Serf collects debris. 02572_ S-10 Pest destroyed. 02575_ K-01 Serf collects debris. 02579_ Connecting with Terminal... 02581_ K-01 Serf collects debris. 02593_ Acquired 13 matter. 02593_ K-01 Serf collects debris. 02614_ Imp. Treads severed. 02616_ Hvy. Assault Rifle destroyed. 02616_ Cooling System destroyed. 02619_ Assault Rifle destroyed. 02626_ Assault Rifle severed. 02631_ Critical hit (Burn: +37). Map ----- +----------------------------------------------------+ | ?????????????????????????????????????????????????? | | ?????????????????????????????????????????????????? | | ?????????????????????????????????????????????????? | | ?????????????????????????????????????????????????? | | ?????????????????????????????????????????????????? | | ?????????????????????????????????????????????????? | | ?????????????????????????????????????????????????? | | ?????????????????????????????????????????????????? | | ?????????????????????????????????????????????????? | | ?????????????????????????????????????????????????? | | ?????????????????????????????????????????????????? | | ?????????????????????????????????????????????????? | | ?????????????????????????????????????????????????? | | ?????????????????????????????????????????????????? | | ?????????????????????????????????????????????????? | | ?????????????????????????????????????????????????? | | ???????????????????##????????????????????????????? | | ???????????###?????# #########???????????????????? | | ??????????? #?????#Y #???????????????????? | | ?????? ???? #?????#== #???????????????????? | | ????? +? +?????#= #???????????????????? | | ???? # #?????# #???????????????????? | | ??? # ??????# #???????????????????? | | ?? ??# ######## #???????????????????? | | ? ?? ## # ## [ #??!#???????????????? | | ## # ## @ #? #???????????????? | | ######### # ######l######+##### ???????????? | | ## # #???#g ??????????? | | # ##### ??????????? | | > # + """ ????????????? | | # #### ! """"?????????????? | | " "# # #??#=% = """??????????????? | | " |"! "# ##+#######%[=" """"?????????????? | | """""""# =**T """ ?????????? | | ######## " ?????????? | | ?????????? | | ### ##### ##+####### ?????????? | | #?# #???# # ####+#############???????????? | | ###+##### # # ????????????????????? | | # ! # # # ????????????????????? | | # [[**! # # # #???????????????????? | | # [=** # ^# # #???????????????????? | | # *** # # ! # #???????????????????? | | # # # [ # #???????????????????? | | # + # # #???????????????????? | | # # # # #???????????????????? | | # "" ### # # #???????????????????? | | # """### # ! ##########???????????????????? | | # S"### #################????????????????????? | | # ### ???????????????? | +----------------------------------------------------+ Best States ------------- Heat Dissipation 50 Energy Generation 14 Energy Capacity 280 Matter Stores 300 Matter Capacity 300 Sight Range 16 Terrain Scan Density 10 Armor Coverage 375 Weapon Shielding 33 Evasion (%) 55 Targeting Accuracy 5 Recoil Reduction 2 Item Schematics ----------------- Assault Rifle | -9/Materials | Scanalyzed Imp. Assault Rifle | -9/Materials | Scanalyzed Robot Schematics ------------------ None Fabricated ------------ Nothing Alien Tech Used ----------------- None Achievements -------------- None Challenges ------------ None Game ------ Seed AblativeImpactKinecellerator Manual? 0 Play Time 00:27:10 Cumulative 764.1 hours Start 2023.05.31 @ 21:13:41 End 2023.05.31 @ 21:40:49 Sessions 1 Manual Loads 0 Difficulty Rogue Special Mode None Game No. 227 Rogue 191 Adventurer 36 Explorer 0 Win Type - Total 16 Types 16/0/0/0/0/0/0/0/0 Lore% 56 Gallery% 63 Achievement% 50 Wizard Run 0 Options --------- ASCII 0 Keyboard 1 Movement Vi Keybinds 0 Fullscreen 1 Font 18/Terminus Map View 76x50 Tactical HUD 1 Map Filters NONE Filters NONE Steam 0 RUN: fd7a9b50-1621-470d-a871-450a8800cfdf